 Dungeon Crawl Stone Soup version 0.25.1-2-g60ff931df9 (webtiles) character file.

Game seed: 11440516458989336792

735 Exporg the Chopper (level 8, -20/61 HPs)
             Began as a Formicid Fighter on Oct 13, 2020.
             Demolished by an orc warrior
             ... wielding a +0 great sword
              (25 damage)
             ... on level 5 of the Dungeon.
             The game lasted 00:11:02 (5293 turns).

Exporg the Chopper (Formicid Fighter)               Turns: 5293, Time: 00:11:03

Health: -20/61     AC:  9    Str: 18 (21) XL:     8   Next: 4%
Magic:  8/8        EV:  9    Int:  6 (8)  God:
Gold:   193        SH: 10    Dex: 16 (18) Spells: 7/7 levels left

rFire    . . .     SeeInvis +   v - +3 quarterstaff (chaos)
rCold    . . .     Gourm    .   c - +0 kite shield
rNeg     . . .     Faith    .   b - +0 scale mail
rPois    .         Spirit   .   (helmet unavailable)
rElec    .         Reflect  .   n - +0 cloak
rCorr    .         Harm     .   d - +0 pair of gloves (curse)
MR       .....                  (no boots)
Stlth    ..........             (no amulet)
HPRegen  0.20/turn              r - +6 ring of dexterity
MPRegen  0.11/turn              (no ring)

@: no status effects
A: permanent stasis, dig shafts and tunnels, four strong arms, antennae 3
a: Dig, Shaft Self


You were on level 5 of the Dungeon.
You were not hungry.

You visited 1 branch of the dungeon, and saw 5 of its levels.

You collected 193 gold pieces.

Inventory:

Hand Weapons
 a - a +0 war axe
 v - a +3 quarterstaff of chaos (weapon)
Missiles
 l - 34 bolts
Armour
 b - a +0 scale mail (worn)
 c - a +0 kite shield (worn)
 d - a cursed +0 pair of gloves (worn)
 n - a +0 cloak (worn)
Jewellery
 r - a +6 ring of dexterity (left hand)
Scrolls
 e - 2 scrolls of enchant armour {unknown}
 g - 2 scrolls of fog {unknown}
 h - 4 scrolls of remove curse {unknown}
 j - a scroll of teleportation {unknown}
 p - a scroll of noise {unknown}
 s - a scroll of amnesia {unknown}
 u - 2 scrolls of identify {unknown}
 y - a scroll of magic mapping {unknown}
Potions
 i - 2 potions of curing
 q - a potion of magic {unknown}
 t - a potion of lignification
 w - 2 potions of haste {unknown}
Comestibles
 f - 9 rations
 x - 5 chunks of flesh


   Skills:
 + Level 4.4 Fighting
 + Level 5.4 Axes
 + Level 2.2 Staves
 + Level 5.0 Armour
 + Level 1.8 Dodging
 + Level 1.1 Stealth
 + Level 5.0 Shields


You had 7 spell levels left.
You didn't know any spells.
Your spell library was empty.

Dungeon Overview and Level Annotations

Branches:
Dungeon (5/15)
 Temple: D:4-7

Altars:
Elyvilon
Fedhas
Gozag
Kikubaaqudgha
Makhleb
Ru
Trog

Annotations:
D:3 3 runed translucent doors, TangoThomas's ghost, amateur BaAK


Innate Abilities, Weirdness & Mutations

You cannot be hasted, slowed, berserked, paralysed or teleported.
You can dig through walls and to a lower floor.
Your four strong arms can wield two-handed weapons with a shield.
You have a pair of large antennae on your head. (SInv)


Message History

The orc warrior hits you but does no damage.
You block the gnoll sergeant's attack.
It was a potion of brilliance.
You feel clever all of a sudden.
The gnoll sergeant hits you but does no damage.
You block the orc warrior's attack.
It was a potion of cancellation.
Your magical effects are unravelling.
You feel magically purged.
You feel less wooden.
Your +0 cloak unmelds from your body.
Your cursed +0 pair of gloves unmelds from your body.
Your +0 scale mail unmelds from your body.
You feel a little less clever now. You block the wight's attack.
The gnoll sergeant hits you from afar with a +0 trident.
* * * LOW HITPOINT WARNING * * *
The gnoll sergeant closely misses you. You block the gnoll sergeant's attack.
The orc warrior hits you with a +0 great sword!!
You die...

### .......# #... #)#.
#.....# #..÷ ###..##
#.....# #... .....g.###
#.....# #...
....{....###....## #...
.#######.........######...
##."ggg...........#...
#...zo......#......÷.#
#....@..##..##........
##..(...###....#......
#.[....# .........#..
##.....##....###..###
#....###...## ##.# ##..##
..########### ##.#
#_#8#_###. ### ##.#.#.#.#.
#_.........


You could see an orc warrior, 3 gnoll sergeants and a wight.

Vanquished Creatures
  Grinder (D:3)
  Eustachio (D:5)
  A scorpion (D:5)
  A howler monkey (D:5)
  A hound (D:4)
  Crazy Yiuf (D:3)
  3 worker ants
  Robin (D:3)
  4 adders
  3 oozes
  3 worms (D:2)
  A dart slug (D:3)
  4 leopard geckos
  6 orcs
  3 ball pythons
  5 giant cockroaches
  12 hobgoblins
  2 quokkas
  5 bats
  11 frilled lizards
  13 goblins
  11 kobolds
  7 rats
100 creatures vanquished.

Notes
Turn   | Place    | Note
-------+----------+-------------------------------------------
     0 | D:1      | Exporg the Formicid Fighter began the quest for the Orb.
     0 | D:1      | Reached XP level 1. HP: 18/18 MP: 1/1
   165 | D:1      | Reached XP level 2. HP: 24/24 MP: 2/2
   483 | D:1      | Reached XP level 3. HP: 28/29 MP: 3/3
  1493 | D:2      | Reached XP level 4. HP: 20/35 MP: 4/4
  3153 | D:3      | Noticed Robin
  3163 | D:3      | Reached XP level 5. HP: 29/42 MP: 5/5
  3166 | D:3      | Killed Robin
  3485 | D:3      | Found a runed translucent gate.
  3486 | D:3      | Found a runed translucent gate.
  3487 | D:3      | Found a runed translucent gate.
  3488 | D:3      | Noticed Grinder
  3489 | D:3      | Noticed TangoThomas's ghost (amateur BaAK)
  3524 | D:3      | Killed Grinder
  3524 | D:3      | Reached skill level 1 in Dodging
  3524 | D:3      | Reached skill level 1 in Stealth
  3524 | D:3      | Reached XP level 6. HP: 30/48 MP: 6/6
  3656 | D:3      | Reached XP level 7. HP: 51/54 MP: 7/7
  3944 | D:3      | Found a runed translucent door.
  3945 | D:3      | Noticed Crazy Yiuf
  3953 | D:3      | Killed Crazy Yiuf
  3953 | D:3      | Reached skill level 5 in Axes
  4572 | D:4      | Reached skill level 1 in Staves
  5080 | D:5      | Entered Level 5 of the Dungeon
  5090 | D:5      | Noticed Eustachio
  5106 | D:5      | Killed Eustachio
  5160 | D:5      | Reached skill level 5 in Armour
  5160 | D:5      | Reached skill level 5 in Shields
  5197 | D:5      | Found a bloodstained altar of Trog.
  5201 | D:5      | Found a sacrificial altar of Ru.
  5201 | D:5      | Found a blossoming altar of Fedhas.
  5201 | D:5      | Found an ancient bone altar of Kikubaaqudgha.
  5202 | D:5      | Found a burning altar of Makhleb.
  5205 | D:5      | Found an opulent altar of Gozag.
  5206 | D:5      | Found a white marble altar of Elyvilon.
  5244 | D:5      | Reached XP level 8. HP: 61/61 MP: 8/8
  5293 | D:5      | Demolished by an orc warrior

Illustrated notes

Levels and vault maps discovered:
D:1:      erik_arrival_blinker_ship, layout_basic, minmay_liquid_box,
          hangedman_glass_teeth, minmay_lizard_king
D:2:      minmay_skewed_foursquare, layout_basic, serial_rivers,
          chequers_serial_rivers_micro_c, chequers_serial_rivers_room_a,
          chequers_serial_rivers_small_b, chequers_serial_rivers_micro_c,
          chequers_serial_rivers_marsh
D:3:      layout_basic, gammafunk_ghost_necromancy, uniq_grinder,
          uniq_crazy_yiuf_cottage, uniq_robin
D:4:      layout_gridville, dk_noncrumbling_4
D:5:      layout_cave_pods, nemelex_xobeh_ov_fountains_minmay, minitemple,
          minmay_temple_entry_trees, chequers_ossuary_entry_cave, first_ration,
          sword_in_stone, uniq_eustachio, uniq_edmund, uniq_duvessa

Skill      XL: |  1  2  3  4  5  6  7 |
---------------+----------------------+-----
Shields        | 4 5 |  5.0
Armour         | 4 5 |  5.0
Axes           | 4 5 |  5.4
Fighting       | 4 |  4.4
Dodging        | 1 |  1.8
Stealth        | 1 |  1.1
Staves         | 2 |  2.2

Action                   |  1- 3 |  4- 6 |  7- 9 || total
-------------------------+-------+-------+-------++-------
Melee: War axe           |   106 |   149 |    11 ||   266
       Quarterstaff      |       |       |    58 ||    58
  Use: Potion            |       |     1 |     5 ||     6
  Eat: Chunk             |     1 |     8 |     5 ||    14
Armor: Scale mail        |    50 |    64 |    28 ||   142
       Skin              |       |       |     2 ||     2
Dodge: Dodged            |    24 |    55 |    27 ||   106
Block: Kite shield       |    63 |    83 |    46 ||   192
